Map: Kairos Junction LE

Players

MaNa - Winner!

  • Race: Protoss Protoss
  • Spawn Location: 5:00

sleepCOW

  • Race: Zerg Zerg
  • Spawn Location: 11:00

Event: 2019 WCS Summer

VOD

Have the link to the VOD?

Description

Time

  • Played on: July 12, 2019, 6:16 a.m.
  • Length: 8:24

All games in this series

Show
View Real Time Build Order
Export as new Build Order

MaNa Protoss - Winner!

Build Orders: 1 Gate Expand, Archon Immortal, Archon Drop, Dark Templar Rush 

Get SALT Encoding   

  12  0:00  Probe  
  13  0:13  Probe  
  13  0:15  Pylon  
  13  0:21  Probe  
  15  0:31  Probe  
  16  0:40  Gateway  
  16  0:43  Probe  
  16  0:49  Assimilator  
  17  0:55  Probe  
  18  1:07  Probe  
  19  1:19  Probe  
  19  1:25  Nexus  
  20  1:35  Cybernetics Core  
  20  1:38  Probe  
  21  1:44  Assimilator  
  21  1:50  Probe  
  22  1:54  Pylon  
  22  2:02  Probe, Adept  
  23  2:14  Probe  
  26  2:22  Twilight Council  
  26  2:26  Probe  
  27  2:31  Warp Gate  
  27  2:32  Adept  
  29  2:37  Probe  
  29  2:39  Probe  
  31  2:49  Probe  
  31  2:51  Probe  
  33  2:55  Stalker  
  33  3:00  Dark Shrine  
  33  3:01  Probe  
  33  3:03  Probe  
  37  3:13  Probe  
  37  3:15  Probe  
  39  3:23  Robotics Facility  
  39  3:29  Probe x2  
  41  3:34  Gateway  
  41  3:40  Pylon  
  41  3:41  Probe x2  
  43  3:51  Gateway x2  
  43  3:55  Probe  
  44  3:57  Probe, Pylon  
  44  4:01  Assimilator  
  45  4:03  Probe, Warp Prism  
  45  4:05  Assimilator  
  45  4:09  Probe  
  47  4:12  Probe  
  50  4:21  Probe, Dark Templar  
  53  4:24  Pylon  
  53  4:28  Probe  
  54  4:33  Probe  
  55  4:54  Dark Templar x4  
  55  4:58  Pylon  
  55  4:59  Archon x2, Pylon  
  63  5:02  Probe  
  63  5:06  Observer  
  64  5:09  Nexus  
  65  5:17  Shield Battery  
  65  5:22  Immortal  
  67  5:30  Sentry x2  
  71  5:36  Forge  
  71  5:38  Pylon  
  71  5:43  Zealot x2  
  71  5:48  Observer  
  75  5:50  Probe x2  
  75  5:53  Immortal  
  75  5:55  Gateway x2, Protoss Ground Weapons Level 1  
  77  5:59  Charge  
  81  6:04  Observer  
  81  6:11  Probe x2  
  81  6:16  Sentry x2  
  87  6:21  Probe  
  87  6:23  Immortal  
  87  6:33  Probe x3  
  87  6:34  Zealot  
  94  6:47  Zealot  
  94  6:48  Zealot x2  
  94  6:52  Probe x2  
  102  6:57  Gateway  
  102  7:00  Photon Cannon  
  102  7:03  Gateway  
  102  7:06  Pylon  
  102  7:12  Probe x2  
  102  7:13  Pylon  
  104  7:15  Pylon  
  104  7:17  Pylon  
  104  7:18  Dark Templar  
  106  7:32  Zealot x5  
  106  7:36  Immortal  
  118  7:46  Photon Cannon  
  118  7:55  Stalker x4  
  118  7:56  Stalker  
  126  8:00  Stalker  
  124  8:07  Stalker x2  
Show
View Real Time Build Order
Export as new Build Order

sleepCOW Zerg 

Build Orders: Hatch First 

Get SALT Encoding   

  12  0:00  Drone  
  13  0:12  Overlord  
  13  0:17  Drone  
  14  0:31  Drone  
  15  0:39  Drone x2  
  18  0:50  Drone  
  18  1:00  Drone  
  18  1:02  Hatchery  
  18  1:04  Extractor  
  17  1:10  Drone  
  18  1:17  Spawning Pool  
  17  1:20  Drone  
  18  1:29  Drone  
  19  1:46  Drone  
  20  1:53  Drone  
  21  2:04  Zergling x2  
  21  2:05  Metabolic Boost  
  22  2:13  Queen  
  22  2:14  Queen  
  26  2:15  Overlord  
  26  2:17  Drone  
  27  2:23  Drone  
  28  2:35  Drone  
  28  2:36  Drone  
  30  2:38  Zergling x2, Hatchery  
  30  2:43  Zergling x2  
  31  2:48  Overlord  
  31  3:01  Drone x2  
  31  3:05  Overlord  
  33  3:07  Drone  
  34  3:15  Queen  
  34  3:17  Drone  
  34  3:19  Drone  
  38  3:24  Overlord  
  38  3:25  Drone x2  
  40  3:28  Spore Crawler  
  40  3:31  Spore Crawler  
  38  3:35  Drone x2  
  40  3:41  Spore Crawler  
  40  3:45  Zergling x4  
  41  3:58  Lair  
  41  3:59  Drone x2  
  41  4:01  Drone x2  
  45  4:05  Roach Warren  
  44  4:11  Drone x4  
  44  4:13  Drone x3, Extractor  
  44  4:15  Drone  
  51  4:25  Overlord  
  51  4:29  Drone x3, Extractor  
  53  4:33  Queen  
  53  4:34  Overlord  
  53  4:35  Overlord  
  55  4:46  Roach x5  
  64  4:58  Roach x3  
  70  5:01  Overseer  
  70  5:05  Zergling x2  
  70  5:06  Zergling x10  
  76  5:07  Overseer  
  76  5:15  Zergling x12  
  82  5:26  Drone x5  
  86  5:30  Queen  
  86  5:44  Overlord  
  86  5:45  Overlord x2  
  86  5:50  Overlord  
  86  5:51  Overlord  
  86  5:53  Evolution Chamber  
  86  5:56  Extractor  
  84  5:58  Overlord  
  84  5:59  Spire  
  83  6:05  Drone x3  
  83  6:07  Drone x3  
  83  6:08  Drone x2  
  91  6:20  Drone x7  
  91  6:40  Drone x8  
  91  6:42  Extractor  
  91  6:44  Extractor  
  93  6:51  Overlord x2  
  91  7:12  Mutalisk  
  91  7:13  Mutalisk x6  
  105  7:17  Zergling x10  
  105  7:20  Roach  
  111  7:29  Roach x3  
  117  7:37  Queen  
  117  7:43  Roach  
  121  7:45  Overlord x2  
  87  7:59  Spine Crawler x2  
  87  8:01  Spine Crawler  
  87  8:02  Spine Crawler  
  87  8:03  Evolution Chamber  
  56  8:05  Evolution Chamber  
Tags
 
Add a new tag
Caveats
  • Supply blocks, unpowered buildings, or Contaminate may cause inaccurate times.
  • Supply counts are checked every 10 seconds.